 Dungeon Crawl Stone Soup version 0.29-a0-998-g1987434951 (webtiles) character file.

Game seed: 15178767492346608888

531 siradein the Digger (level 7, 0/37 HPs)
             Began as a Gargoyle Earth Elementalist on Aug 5, 2022.
             Was an Initiate of Vehumet.
             Slain by Dowan
             ... wielding a +0 dagger
              (3 damage)
             ... on level 5 of the Dungeon.
             The game lasted 00:10:42 (3844 turns).

siradein the Digger (Gargoyle Earth Elementalist)   Turns: 3844, Time: 00:10:43

Health: 0/37       AC:  7    Str: 17    XL:     7   Next: 24%
Magic:  1/10       EV: 12    Int: 18    God:    Vehumet [......]
Gold:   292        SH:  0    Dex: 10    Spells: 6/10 levels left

rFire   . . .      SeeInvis .   s - +0 short sword (protect)
rCold   . . .      Faith    .   (no shield)
rNeg    + . .      Spirit   .   a - +0 robe
rPois   ∞          Reflect  .   q - +0 helmet
rElec   +          Harm     .   (no cloak)
rCorr   .          Rampage  .   (no gloves)
Will    .....                   (no boots)
Stlth   ++........              (no amulet)
HPRegen 0.12/turn               e - +6 ring of strength
MPRegen 0.12/turn               (no ring)

@: no status effects
A: sickness immunity, AC +4, negative energy resistance 1, electricity
resistance, torment resistance 1, petrification resistance
a: Renounce Religion


You were on level 5 of the Dungeon.
You worshipped Vehumet.
Vehumet was noncommittal.
You visited 2 branches of the dungeon, and saw 7 of its levels.

You collected 292 gold pieces.

Inventory:

Hand Weapons
 s - a +0 short sword of protection (weapon)
Armour
 a - a +0 robe (worn)
 q - a +0 helmet (worn)
Jewellery
 e - a +6 ring of strength (left hand)
Wands
 w - a wand of roots (4)
Scrolls
 d - 3 scrolls of enchant weapon {unknown}
 f - 2 scrolls of immolation {unknown}
 h - 2 scrolls of blinking {unknown}
 i - 2 scrolls of amnesia {unknown}
 k - 4 scrolls of identify {unknown}
 n - a scroll of enchant armour {unknown}
 o - a scroll of noise {unknown}
 t - a scroll of fog {unknown}
 u - a scroll of vulnerability {unknown}
 v - a scroll of silence {unknown}
Potions
 b - 2 potions of magic
 c - a potion of brilliance {unknown}
 g - 4 potions of heal wounds
 j - a potion of cancellation {unknown}
 l - 4 potions of curing {unknown}
 m - a potion of haste {unknown}
 p - a potion of berserk rage {unknown}
 r - a potion of flight {unknown}


   Skills:
 + Level 0.4 Fighting
 + Level 1.7 Dodging
 - Level 2.1 Stealth
 + Level 2.1 Spellcasting
 + Level 4.9 Conjurations
 - Level 0.7 Transmutations
 + Level 7.6 Earth Magic


You had 6 spell levels left.
You knew the following spells:

 Your Spells              Type           Power      Damage    Failure   Level
a - Sandblast             Erth           58%        2d13      1%          1
b - Stone Arrow           Conj/Erth      48%        3d10      4%          3

Your spell library contained the following spells:

 Spells                   Type           Power      Damage    Failure   Level
 Passwall                 Tmut/Erth      14%        N/A       4%          2
 Foxfire                  Conj/Fire      40%        2x1d6     7%          1
 Beastly Appendage        Tmut           8%         N/A       13%         1
 Wereblood                Tmut           4%         N/A       21%         2
 Conjure Flame            Conj/Fire      10%        6-21      21%         3
 Petrify                  Tmut/Erth      17%        N/A       32%         4
 Spider Form              Tmut/Pois      3%         N/A       43%         3
 Inner Flame              Hex/Fire       1%         N/A       47%         3
 Flame Wave               Conj/Fire      10%        2d6       54%         4
 Irradiate                Conj/Tmut      6%         3d13      83%         5
 Fireball                 Conj/Fire      5%         3d5       88%         5
 Blade Hands              Tmut           2%         N/A       98%         5
 Summon Forest            Summ/Tloc      0%         N/A       99%         5
 Eringya's Noxious Bog    Tmut/Pois      1%         N/A       100%        6
 Starburst                Conj/Fire      5%         6d4       100%        6
 Dragon Form              Tmut           2%         N/A       100%        7
 Summon Hydra             Summ           0%         N/A       100%        7
 Ignition                 Fire           0%         3d3       100%        8


Dungeon Overview and Level Annotations

Branches:
Dungeon (6/15)             Temple (1/1) D:4

Altars:
Dithmenos
Fedhas
Hepliaklqana
Okawaru
Qazlal
Ru
Trog
Uskayaw
Vehumet

Shops:
D:2 (   D:3 (

Annotations:
D:5 Dowan, Duvessa


Innate Abilities, Weirdness & Mutations

You are immune to sickness and miasma.
Your stone body is resilient. (AC +4)
You are immune to poison.
You resist negative energy. (rN+)
You are resistant to electric shocks. (rElec)
You are resistant to unholy torment.
You are immune to petrification.


Message History

Duvessa zaps a wand.
The roots erupt in riotous growth!
The grasping roots grab you!
Duvessa is unaffected.
The grasping roots constrict you.
Casting: Stone Arrow (dangerous; 4% risk of failure)
Confirm with . or Enter, or press ? or * to list all spells.
Aiming: Stone Arrow (dangerous; 4% risk of failure)
Press: ? - help, Shift-Dir - straight line, f/p - Duvessa
Aim: Duvessa, wielding a +0 short sword, wearing a +0 chain mail and carrying a wand of roots (8) (heavily wounded, 83% to hit)
The stone arrow hits Duvessa.
Duvessa is heavily wounded.
Duvessa hits you with a +0 short sword!
* * * LOW HITPOINT WARNING * * *
The grasping roots constrict you.
* * * LOW HITPOINT WARNING * * *
Unknown command.
It was a potion of heal wounds.
You feel much better. Dowan hits you but does no damage.
Duvessa hits you with a +0 short sword. The grasping roots constrict you.
The grasping roots release their grip on you.
Aiming: Fastroot
Press: ? - help, Shift-Dir - straight line, p - Duvessa The roots erupt in riotous growth!
Duvessa hits you but does no damage. Dowan hits you with a +0 dagger.
* * * LOW HITPOINT WARNING * * *
Aiming: Fastroot
Press: ? - help, Shift-Dir - straight line The roots erupt in riotous growth!
Roots grab Duvessa.
The grasping roots constrict Duvessa.
Dowan hits you but does no damage. Duvessa hits you with a +0 short sword.
* * * LOW HITPOINT WARNING * * *
The grasping roots constrict Duvessa.
The roots release their grip on Duvessa.
Duvessa zaps a wand.
The roots erupt in riotous growth!
The grasping roots grab you!
Duvessa is unaffected.
The grasping roots constrict you.
* * * LOW HITPOINT WARNING * * *
You escape the roots grasp.
Dowan attacks as you move away! Dowan hits you with a +0 dagger.
You die...

######### #### #.......#
####...####
#.#####.#####.e@......#
##.##........#.#e.......
#...#.##.###.#.#.....#.#
....#.##.# #.#.##...##
#...#.##.# #.#.##..##
#####.#..# #.#.##.##
#.#.## #.#.##.####.#
#.#.# #.#.........#
##.#.####.####.######


You could see Duvessa and Dowan.

Vanquished Creatures
  2 phantoms
  A gnoll sergeant (D:4)
  A howler monkey (D:6)
  A hound (D:4)
  An orc priest (D:5)
  An iguana (D:4)
  An orc wizard (D:5)
  5 gnolls (D:4)
  4 adders
  3 dart slugs
  7 orcs
  3 bats
  8 endoplasms
  5 giant cockroaches
  6 goblins
  5 hobgoblins
  11 jackals
  8 kobolds
  2 quokkas
  4 ball pythons
  A frilled lizard (D:1)
  2 rats (D:1)
82 creatures vanquished.

Vanquished Creatures (others)
  3 fungi (D:5)
  2 toadstools (D:5)
5 creatures vanquished.

Grand Total: 87 creatures vanquished

Notes
Turn   | Place    | Note
-------+----------+-------------------------------------------
     0 | D:1      | siradein the Gargoyle Earth Elementalist began the quest
                  | for the Orb.
     0 | D:1      | Reached XP level 1. HP: 10/10 MP: 3/3
    76 | D:1      | Found a faded altar of an unknown god.
   292 | D:1      | Reached skill level 4 in Earth Magic
   362 | D:1      | Reached XP level 2. HP: 15/15 MP: 3/5
   615 | D:1      | Reached XP level 3. HP: 19/19 MP: 4/6
   637 | D:1      | Reached skill level 5 in Earth Magic
   953 | D:1      | Learned a level 3 spell: Stone Arrow
  1059 | D:2      | Found a shadowy altar of Dithmenos.
  1299 | D:2      | Found Voiwaxza's Antique Weapon Boutique.
  1420 | D:2      | Reached skill level 1 in Conjurations
  1572 | D:3      | Reached XP level 4. HP: 24/24 MP: 5/7
  1721 | D:3      | Found Foyrph's Antique Weapon Emporium.
  2267 | D:4      | Noticed a phantom
  2306 | D:4      | Killed a phantom
  2307 | D:4      | Reached skill level 6 in Earth Magic
  2307 | D:4      | Reached XP level 5. HP: 28/28 MP: 0/8
  2526 | D:4      | Found a staircase to the Ecumenical Temple.
  2534 | Temple   | Entered the Ecumenical Temple
  2663 | Temple   | Became a worshipper of Vehumet
  2712 | D:4      | Reached XP level 6. HP: 25/32 MP: 1/9
  2969 | D:4      | You fall into a shaft and drop 2 floors!
  3016 | D:6      | Reached skill level 7 in Earth Magic
  3029 | D:5      | Entered Level 5 of the Dungeon
  3145 | D:4      | Reached XP level 7. HP: 36/36 MP: 0/10
  3826 | D:5      | Noticed Duvessa
  3826 | D:5      | Noticed Dowan
  3844 | D:5      | Slain by Dowan

Illustrated notes

Levels and vault maps discovered:
D:1:      dpeg_arrival_shrine, layout_basic,
          shapermc_ecumenical_altar_notcrosses, interstate_on_off
D:2:      layout_rooms, serial_shops, nicolae_shop_trees, basic_altar,
          amcnicky_mini_rare_corridor_liquid, minmay_misc_feat_plants,
          lemuel_old_faithful
D:3:      layout_rooms, serial_shops, nicolae_shop_statue_plus,
          hangedman_feature_mirror
D:4:      layout_rooms, minmay_temple_entry_hall
D:5:      layout_loops_corners, minmay_gold_behind_fungi, skrybe_limestone_x,
          uniq_grinder, uniq_duvessa
D:6:      layout_layer_cave, minmay_manual_mandibuliform
Temple:   roderic_octagonal_lattice_temple

Skill      XL: |  1  2  3  4  5  6 |
---------------+-------------------+-----
Earth Magic    | 4 5 6 7 |  7.6
Conjurations   | 1 2 3 4 |  4.9
Fighting       | |  0.4
Dodging        | |  1.7
Stealth        | |  2.1
Spellcasting   | |  2.1
Transmutations | |  0.7

Action                   |  1- 3 |  4- 6 |  7- 9 || total
-------------------------+-------+-------+-------++-------
Melee: Unarmed           |     3 |       |       ||     3
       Short sword       |       |    39 |     4 ||    43
 Cast: Sandblast         |    50 |    34 |     5 ||    89
       Stone Arrow       |       |    12 |    10 ||    22
Evoke: Wand              |       |       |     2 ||     2
  Use: Potion            |       |       |     1 ||     1
Armor: Robe              |    18 |    23 |     7 ||    48
Dodge: Dodged            |    27 |    42 |     7 ||    76

Table legend: (Time is in decaauts)
 A = Elapsed time spent in this place.
 B = Non-inter-level travel time spent in this place.
 C = Inter-level travel time spent in this place.
 D = Time resting spent in this place.
 E = Time spent auto-exploring this place.
 F = Levels seen in this place.
 G = Mean time per level.
                   A        B        C        D        E       F      G
               +--------+--------+--------+--------+--------+-----+--------+
         Total |   3937 |   3774 |    163 |     65 |   3057 |   7 |  562.4 |
       Dungeon |   3791 |   3662 |    129 |     65 |   2956 |   6 |  631.8 |
        Temple |    145 |    111 |     34 |      0 |    101 |   1 |  145.0 |
               +--------+--------+--------+--------+--------+-----+--------+

Top non-repeatable levels by time:
     D:4: 1149 daAuts
     D:1: 991 daAuts
     D:3: 660 daAuts
     D:2: 549 daAuts
     D:5: 378 daAuts
  Temple: 145 daAuts
     D:6: 61 daAuts
